 Dungeon Crawl Stone Soup version 0.18.1-48-g4cf74bf (webtiles) character file.

3740 Mesmaeker13 the Skirmisher (level 9, -6/74 HPs)
             Began as a Demonspawn Gladiator on Aug 23, 2016.
             Was a Believer of Makhleb.
             Mangled by Snorg (17 damage)
             ... on level 10 of the Dungeon.
             The game lasted 00:26:33 (7412 turns).

Mesmaeker13 the Skirmisher (Demonspawn Gladiator)   Turns: 7412, Time: 00:26:33

Health: -6/74      AC: 13    Str: 17    XL:     9   Next: 93%
Magic:  13/13      EV:  9    Int: 10    God:    Makhleb [**....]
Gold:   431        SH:  0    Dex: 15    Spells: 0 memorised, 8 levels left

rFire  . . .     SeeInvis .     a - +2 trident
rCold  . . .     Gourm    .     v - +0 chain mail
rNeg   . . .     Faith    .     (no shield)
rPois  .         Spirit   .     c - +0 helmet
rElec  .         Dismiss  .     w - +1 cloak
rCorr  .         Reflect  .     (gloves unavailable)
SustAt .         Harm     .     (no boots)
MR     .....                    (no amulet)
Stlth  ..........               (no ring)
                                t - ring of stealth

@: about to teleport, drained, not resistant to hostile enchantments, extremely
unstealthy
A: claws 3, talons 1, powered by death 2, spiny 1
a: Minor Destruction, Renounce Religion


You were on level 10 of the Dungeon.
You worshipped Makhleb.
Makhleb was pleased with you.
You were not hungry.

You visited 2 branches of the dungeon, and saw 12 of its levels.

You collected 431 gold pieces.

Inventory:

Hand Weapons
 a - a +2 trident (weapon)
Missiles
 d - 2 throwing nets (quivered)
 g - 20 poisoned needles
Armour
 c - a +0 helmet (worn)
 v - a +0 chain mail (worn)
 w - a +1 cloak (worn)
Magical Staves
 m - an uncursed staff of wizardry
Jewellery
 t - a ring of stealth (left claw)
Wands
 p - a wand of polymorph (13/24)
 x - a wand of disintegration (4/24)
 D - a wand of paralysis (10/24)
Scrolls
 b - 3 scrolls of magic mapping {unknown}
 e - 2 scrolls of recharging
 n - 5 scrolls of remove curse
 q - a scroll of acquirement {unknown}
 s - 3 scrolls of amnesia
Potions
 i - a potion of curing
 r - 2 potions of cure mutation
 B - a potion of brilliance
Books
 h - an Akashic Record

   Spells                             Type                      Level
   a - Dispersal                      Translocation                6
   b - Malign Gateway                 Summoning/Translocation      7
   c - Disjunction                    Translocation                8
   d - Controlled Blink               Translocation                8
 k - a Young Poisoner's Handbook

   Spells                             Type                      Level
   a - Sting                          Conjuration/Poison           1
   b - Cure Poison                    Poison                       2
   c - Mephitic Cloud                 Conjuration/Poison/Air       3
   d - Olgreb's Toxic Radiance        Poison                       4
   e - Venom Bolt                     Conjuration/Poison           5
 y - a book of Frost

   Spells                             Type                      Level
   a - Freeze                         Ice                          1
   b - Throw Frost                    Conjuration/Ice              2
   c - Ozocubu's Armour               Charms/Ice                   3
   d - Throw Icicle                   Conjuration/Ice              4
   e - Summon Ice Beast               Ice/Summoning                4
 A - a book of Summonings

   Spells                             Type                      Level
   a - Recall                         Summoning/Translocation      3
   b - Aura of Abjuration             Summoning                    5
   c - Summon Demon                   Summoning                    5
   d - Summon Forest                  Summoning/Translocation      5
   e - Summon Mana Viper              Hexes/Summoning              5
   f - Shadow Creatures               Summoning                    6
Comestibles
 f - 6 bread rations
 l - 2 meat rations
 o - 2 beef jerkies
 z - 3 slices of pizza


   Skills:
 + Level 7.9(7.6) Fighting
 + Level 7.6(7.2) Polearms
 - Level 1.7(1.4) Throwing
 + Level 6.1(5.8) Armour
 - Level 4.6(4.3) Dodging
 - Level 5.9(5.6) Invocations


You had 8 spell levels left.
You didn't know any spells.

Dungeon Overview and Level Annotations

Branches:
Dungeon (11/15)            Temple (1/1) D:4
   Lair: D:8-11         Orc: D:9-12

Altars:
Ashenzari
Cheibriados
Dithmenos
Elyvilon
Fedhas
Gozag
Kikubaaqudgha
Makhleb
Nemelex Xobeh
Okawaru
Pakellas
Qazlal
Ru
Sif Muna
Trog
Vehumet
Xom
Yredelemnul
Zin
The Shining One

Annotations:
D:8 Erolcha, Pikel
D:10 Erica, Snorg


Innate Abilities, Weirdness & Mutations

You have claws for hands.
You have sharp toenails.
You regenerate health from kills.
You are partially covered in sharp spines.


Message History

You see here a killer bee corpse.
Snorg bites you. Snorg claws you but does no damage. Snorg claws you.
Snorg bites you but does no damage. Snorg claws you.
Snorg claws you but does no damage. Snorg bites you!
Snorg claws you but does no damage. x2
Things that are here:
a ring mail; a morningstar; an orc corpse Snorg bites you!
Snorg claws you.
* * * LOW HITPOINT WARNING * * *
Snorg claws you but does no damage.
Items here: ))) [ ††
There is a stone staircase leading up here.
Items here: ) [ †† a dagger; a robe; a killer bee corpse x2
Read which item? (? for menu, Esc to quit)
As you read the scroll of teleportation, it crumbles to dust.
You feel strangely unstable. Snorg bites you!
* * * LOW HITPOINT WARNING * * *
Snorg claws you!
You die...

######### #.......# #.......#
#.......# # #.......## #
#........# ######
#####........## #....#.......
.#.............#####....#.......
................@T.[....#.......
##..........#.#†####....#.......
##...######## #.......###.....[.
##...##### ######..# .......
.#.......#### ##.###.......
............. #............
.........#### .. #............
.........# ###..####............
.....#.####...!..............###


You could see Snorg (berserk).

Vanquished Creatures
  3 yaks (D:9)
  A hungry ghost (D:8)
  Menkaure (D:5)
  A soldier ant (D:9)
  A water moccasin (D:9)
  A black bear (D:7)
  A sky beast (D:9)
  An orc warrior (D:10)
  3 phantoms
  2 slaves (D:7)
  An ice beast (D:11)
  An ogre (D:10)
  3 centaurs
  A crocodile (D:11)
  A giant frog (D:6)
  A scorpion (D:4)
  5 killer bees (D:10)
  3 howler monkeys
  A wight (D:11)
  2 crimson imps
  A centaur zombie (D:7)
  6 hounds
  A quasit (D:11)
  4 orc priests
  A gnoll shaman (D:6)
  4 jellies
  5 orc wizards
  7 iguanas
  6 worker ants
  6 gnolls
  6 adders
  A howler monkey skeleton (D:4)
  3 shadow imps
  6 oozes
  2 adder skeletons
  3 worms
  6 giant geckos
  24 orcs
  9 giant cockroaches
  7 hobgoblins
  3 jackals (D:9)
  6 kobolds
  5 quokkas
  5 bats
  A giant gecko zombie (D:8)
  7 giant newts
  3 goblins (D:2)
  3 rats
175 creatures vanquished.

Notes
Turn   | Place    | Note
--------------------------------------------------------------
     0 | D:1      | Mesmaeker13 the Demonspawn Gladiator began the quest for the Orb.
     0 | D:1      | Reached XP level 1. HP: 16/16 MP: 1/1
   369 | D:1      | Gained mutation: You have sharp fingernails. [demonic ancestry]
   369 | D:1      | Reached XP level 2. HP: 18/23 MP: 2/2
   876 | D:2      | Gained mutation: You regenerate a little health from kills. [demonic ancestry]
   876 | D:2      | Reached XP level 3. HP: 25/29 MP: 3/3
  1027 | D:2      | Found a glowing golden altar of the Shining One.
  1392 | D:2      | Gained mutation: You regenerate health from kills. [demonic ancestry]
  1392 | D:2      | Reached XP level 4. HP: 30/35 MP: 4/4
  1986 | D:3      | Gained mutation: You have very sharp fingernails. [demonic ancestry]
  1986 | D:3      | Reached XP level 5. HP: 42/42 MP: 5/5
  2210 | D:4      | Noticed a phantom
  2221 | D:4      | Reached skill level 1 in Armour
  2233 | D:4      | Killed a phantom
  2233 | D:4      | Gained mutation: You have claws for hands. [demonic ancestry]
  2233 | D:4      | Reached XP level 6. HP: 49/49 MP: 6/6
  2560 | D:4      | Found a staircase to the Ecumenical Temple.
  2571 | Temple   | Entered the Ecumenical Temple
  3230 | D:5      | Entered Level 5 of the Dungeon
  3276 | D:5      | Gained mutation: You are partially covered in sharp spines. [demonic ancestry]
  3276 | D:5      | Reached XP level 7. HP: 51/55 MP: 7/7
  3359 | D:5      | Found a white marble altar of Elyvilon.
  3401 | D:5      | Noticed Menkaure
  3414 | D:5      | Killed Menkaure
  3414 | D:5      | Reached skill level 5 in Fighting
  3414 | D:5      | Reached skill level 5 in Polearms
  3614 | D:5      | Found a bloodstained altar of Trog.
  3706 | D:5      | Found a burning altar of Makhleb.
  3708 | D:5      | Noticed an Executioner
  3712 | D:5      | Noticed a ynoxinul
  3712 | D:5      | Noticed a hellwing
  3776 | D:5      | Became a worshipper of Makhleb the Destroyer
  4179 | D:6      | Found a white marble altar of Elyvilon.
  4206 | D:6      | Gained mutation: You have sharp toenails. [demonic ancestry]
  4206 | D:6      | Reached XP level 8. HP: 63/63 MP: 8/8
  4267 | D:6      | Found a sparkling altar of Nemelex Xobeh.
  4270 | D:6      | Found a shimmering altar of Xom.
  4474 | D:6      | Found a blossoming altar of Fedhas.
  4475 | D:6      | Found a radiant altar of Vehumet.
  4948 | D:7      | Reached skill level 1 in Invocations
  4991 | D:7      | Reached * piety under Makhleb
  5424 | D:8      | Found a shadowy altar of Dithmenos.
  5465 | D:8      | Noticed Pikel
  5537 | D:8      | Noticed Erolcha
  5790 | D:9      | Reached ** piety under Makhleb
  5922 | D:9      | Reached XP level 9. HP: 42/71 MP: 12/12
  6132 | D:9      | Reached skill level 5 in Armour
  6170 | D:9      | Reached skill level 5 in Invocations
  6570 | D:10     | Entered Level 10 of the Dungeon
  6645 | D:10     | Noticed Erica
  6663 | D:10     | Noticed Snorg
  7033 | D:11     | Noticed a hill giant
  7058 | D:10     | Noticed a green ugly thing
  7412 | D:10     | Mangled by Snorg

Skill      XL: |  1  2  3  4  5  6  7  8  9 |
---------------+----------------------------+-----
Polearms       | 3 4 5 6 7 |  7.6
Fighting       | 3 4 5 6 7 |  7.9
Dodging        | 3 4 |  4.6
Armour         | 1 2 3 4 6 |  6.1
Invocations    | 4 5 |  5.9
Throwing       | |  1.7

Action                   |  1- 3 |  4- 6 |  7- 9 || total
-------------------------+-------+-------+-------++-------
Melee: Trident           |   117 |   190 |   344 ||   651
       Kick              |       |       |    81 ||    81
Throw: Throwing net      |       |       |     3 ||     3
Evoke: Wand              |       |       |     9 ||     9
  Use: Scroll            |     4 |     1 |    17 ||    22
       Potion            |     1 |     3 |     8 ||    12
 Stab: Sleeping          |     1 |       |       ||     1
       Held in net/web   |       |       |     1 ||     1
  Eat: Chunk             |     1 |     7 |    14 ||    22
       Meat ration       |       |       |     1 ||     1
Armor: Leather armour    |    15 |       |       ||    15
       Ring mail         |    14 |    49 |    10 ||    73
       Scale mail        |       |       |    64 ||    64
       Chain mail        |       |       |    21 ||    21
Dodge: Dodged            |    66 |    85 |   152 ||   303
